 Dungeon Crawl Stone Soup version 0.26-b1-45-g23770d1d51 (console) character file.

Game seed: 15837819449284501120

2859 nabru the Cleaver (level 9, -3/78 HPs)
             Began as a Minotaur Berserker on Jan 6, 2021.
             Slain by a black bear (7 damage)
             ... created by the rage of Trog
             ... on level 6 of the Dungeon.
             The game lasted 00:15:14 (3873 turns).

nabru the Cleaver (Minotaur Berserker)              Turns: 3873, Time: 00:15:15

Health: -3/78      AC: 11    Str: 30    XL:     9   Next: 47%
Magic:  8/9        EV: 10    Int:  4    God:
Gold:   251        SH:  0    Dex: 11    Spells: 8/8 levels left

rFire    . . .     SeeInvis .   q - +3 long sword (vorpal)
rCold    . . .     Faith    .   (no shield)
rNeg     . . .     Spirit   .   j - +1 chain mail
rPois    .         Reflect  .   (helmet restricted)
rElec    .         Harm     .   (no cloak)
rCorr    .         Rampage  .   (no gloves)
Will     .....                  (no boots)
Stlth    ..........             (no amulet)
HPRegen  0.23/turn              g - +6 ring of strength
MPRegen  0.11/turn              (no ring)

@: no status effects
A: retaliatory headbutt, horns 2
a: no special abilities


You were on level 6 of the Dungeon.
You visited 1 branch of the dungeon, and saw 6 of its levels.

You collected 251 gold pieces.

Inventory:

Hand Weapons
 a - a +0 hand axe
 e - a +0 falchion
 k - a +0 club
 q - a +3 vorpal long sword (weapon)
Missiles
 l - 46 bolts
 p - 14 poisoned darts
 u - 16 stones
Armour
 j - a +1 chain mail (worn)
Jewellery
 d - an uncursed ring of wizardry {unknown}
 g - a +6 ring of strength (left hand)
 n - an uncursed ring of willpower {unknown}
 o - a +6 ring of intelligence {unknown}
Wands
 m - a wand of enslavement (7)
Scrolls
 h - 2 scrolls of remove curse
 r - a scroll of identify
 s - a scroll of magic mapping {unknown}
 t - a scroll of enchant weapon
Potions
 b - 5 potions of curing
 c - 2 potions of flight
 f - 3 potions of lignification
 i - a potion of degeneration {unknown}


   Skills:
 + Level 6.8 Fighting
 + Level 1.8(3.7) Short Blades
 + Level 5.6(5.8) Long Blades
 + Level 9.0(9.3) Axes
 + Level 2.0(6.2) Maces & Flails
 + Level 2.0(6.2) Polearms
 + Level 2.0(2.9) Staves
 + Level 1.8(2.2) Slings
 + Level 1.8 Bows
 + Level 1.8 Crossbows
 + Level 1.6(2.0) Throwing
 + Level 7.3 Armour
 + Level 3.9 Dodging
 + Level 1.7 Stealth
 + Level 2.0 Shields
 + Level 1.8 Unarmed Combat
 + Level 1.1 Conjurations
 + Level 1.0 Hexes
 + Level 1.1 Summonings
 + Level 1.8 Necromancy
 + Level 1.1 Translocations
 + Level 1.3 Transmutations
 + Level 1.1 Fire Magic
 + Level 1.7 Ice Magic
 + Level 1.6 Air Magic
 + Level 1.3 Earth Magic
 + Level 1.6 Poison Magic
 + Level 1.6 Invocations
 + Level 1.4 Evocations


You had 8 spell levels left.
You didn't know any spells.
Your spell library was empty.

Dungeon Overview and Level Annotations

Branches:
Dungeon (6/15)
 Temple: D:4-7

Altars:
Ashenzari
Fedhas
Xom
Yredelemnul

Annotations:
D:5 2 runed translucent doors


Innate Abilities, Weirdness & Mutations

You reflexively headbutt those who attack you in melee.
You have a pair of horns on your head.


Message History

The black bear is heavily wounded.
The black bear barely misses you. The black bear claws you.
The black bear claws you but does no damage.
You hear a shout!
You slash the black bear! You headbutt the black bear!
You kill the black bear!
That felt strangely unrewarding.
The black bear bites you!
The black bear claws you but does no damage.
The black bear barely misses you.
The two-headed ogre hits you with a cursed -1 giant club!!
The two-headed ogre hits you with a +0 giant club!
The black bear barely misses you.
You riposte.
You slash the black bear!
The black bear is heavily wounded.
The black bear claws you but does no damage.
The black bear barely misses you.
The two-headed ogre hits you but does no damage.
The two-headed ogre hits you with a +0 giant club!!
* * * LOW HITPOINT WARNING * * *
The black bear bites you!
You die...

......... ........
...... ##.....
#..... ..#####.##.#
..
.........#.####....
.######.........#
.......(.##.###..#
..#####.h@#.####.#
#.#.O........
#..##h......#.
#.###.......# ..
........# ..#
##.......# #..
#########


You could see a two-headed ogre (berserk), a polar bear (berserk) and a black
bear (berserk).

Vanquished Creatures
  Pikel (D:4)
  2 yaks (D:5)
  A black bear (D:6)
  2 phantoms (D:4)
  An ogre (D:5)
  A scorpion (D:5)
  A howler monkey (D:5)
  2 orc priests
  An orc wizard (D:5)
  An iguana (D:4)
  2 worker ants (D:5)
  A gnoll (D:1)
  6 adders
  An ufetubus (D:5)
  2 oozes
  An adder zombie (D:5)
  2 worms
  4 dart slugs
  5 leopard geckos
  15 orcs
  5 giant cockroaches
  5 goblins
  9 hobgoblins
  6 jackals
  4 kobolds (D:3)
  4 quokkas
  A ball python (D:1)
  5 bats
  6 frilled lizards
  A giant cockroach zombie (D:1)
  2 leopard gecko zombies
  6 rats
106 creatures vanquished.

Notes
Turn   | Place    | Note
-------+----------+-------------------------------------------
     0 | D:1      | nabru the Minotaur Berserker began the quest for the Orb.
     0 | D:1      | Reached XP level 1. HP: 19/19 MP: 0/0
   308 | D:1      | Reached skill level 4 in Axes
   308 | D:1      | Reached XP level 2. HP: 25/27 MP: 1/1
   411 | D:1      | Reached XP level 3. HP: 33/33 MP: 2/2
   531 | D:2      | Reached ** piety under Trog
   536 | D:2      | Found a blossoming altar of Fedhas.
   617 | D:2      | Found a broken altar of Ashenzari.
   682 | D:3      | Reached XP level 4. HP: 41/41 MP: 3/3
   804 | D:3      | Reached skill level 5 in Axes
   888 | D:3      | Reached *** piety under Trog
  1143 | D:3      | Found a faded altar of an unknown god.
  1383 | D:4      | Reached XP level 5. HP: 47/47 MP: 4/4
  1391 | D:4      | You fall into a shaft and drop 1 floor!
  1391 | D:5      | Entered Level 5 of the Dungeon
  1435 | D:5      | Noticed an ogre
  1443 | D:5      | Killed an ogre
  1444 | D:5      | Reached skill level 5 in Fighting
  1444 | D:5      | Reached skill level 6 in Axes
  1708 | D:5      | Found a basalt altar of Yredelemnul.
  1741 | D:5      | Reached XP level 6. HP: 56/56 MP: 5/5
  1756 | D:5      | Found a large runed translucent door.
  1756 | D:5      | Found a large runed translucent door.
  1765 | D:5      | Noticed a yak
  1765 | D:5      | Noticed a yak
  1770 | D:5      | Found a large runed translucent door.
  1770 | D:5      | Found a large runed translucent door.
  1790 | D:5      | Killed a yak
  1790 | D:5      | Killed a yak
  1791 | D:5      | Reached skill level 7 in Axes
  1791 | D:5      | Reached XP level 7. HP: 61/61 MP: 6/6
  1970 | D:5      | Found a shimmering altar of Xom.
  2118 | D:4      | Reached skill level 5 in Armour
  2168 | D:4      | Noticed Pikel
  2182 | D:4      | Killed Pikel
  2183 | D:4      | Reached skill level 8 in Axes
  2183 | D:4      | Reached XP level 8. HP: 28/70 MP: 7/7
  3865 | D:6      | Fell from the grace of Trog
  3865 | D:6      | Reached skill level 1 in Short Blades
  3865 | D:6      | Reached skill level 5 in Long Blades
  3865 | D:6      | Reached skill level 9 in Axes
  3865 | D:6      | Reached skill level 1 in Slings
  3865 | D:6      | Reached skill level 1 in Bows
  3865 | D:6      | Reached skill level 1 in Crossbows
  3865 | D:6      | Reached skill level 1 in Throwing
  3865 | D:6      | Reached skill level 1 in Stealth
  3865 | D:6      | Reached skill level 1 in Unarmed Combat
  3865 | D:6      | Reached skill level 1 in Conjurations
  3865 | D:6      | Reached skill level 1 in Hexes
  3865 | D:6      | Reached skill level 1 in Summonings
  3865 | D:6      | Reached skill level 1 in Necromancy
  3865 | D:6      | Reached skill level 1 in Translocations
  3865 | D:6      | Reached skill level 1 in Transmutations
  3865 | D:6      | Reached skill level 1 in Fire Magic
  3865 | D:6      | Reached skill level 1 in Ice Magic
  3865 | D:6      | Reached skill level 1 in Air Magic
  3865 | D:6      | Reached skill level 1 in Earth Magic
  3865 | D:6      | Reached skill level 1 in Poison Magic
  3865 | D:6      | Reached skill level 1 in Invocations
  3865 | D:6      | Reached skill level 1 in Evocations
  3865 | D:6      | Reached XP level 9. HP: 78/78 MP: 7/9
  3870 | D:6      | Noticed a two-headed ogre
  3870 | D:6      | Noticed a polar bear
  3873 | D:6      | Slain by a black bear

Illustrated notes

Levels and vault maps discovered:
D:1:      saegor_arrival_fortress, layout_basic, minmay_tetromino_i4
D:2:      layout_loops_ring, ashenzari_conservatory_becter,
          hangedman_decor_clover_reticule, minmay_stone_trees_small,
          fedhas_altar_2
D:3:      layout_rooms, chequers_ecumenical_altar_simple
D:4:      layout_basic, grunt_ministairs_2, uniq_pikel
D:5:      layout_loops_corners, nicolae_overflow_hidden_temple, kennysheep_mini,
          minmay_hollow_rounded_squares
D:6:      layout_rooms, nicolae_ru_path_of_blood, lemuel_crystal_altar,
          trog_ov_bears_minmay

Skill      XL: |  1  2  3  4  5  6  7  8 |
---------------+-------------------------+-----
Fighting       | 4 5 6 |  6.8
Axes           | 4 5 6 7 8 9 |  9.0
Armour         | 3 4 5 7 |  7.3
Dodging        | 3 |  3.9
Long Blades    | 2 5 |  5.6
Short Blades   | 1 |  1.8
Maces & Flails | 2 |  2.0
Polearms       | 2 |  2.0
Staves         | 2 |  2.0
Slings         | 1 |  1.8
Bows           | 1 |  1.8
Crossbows      | 1 |  1.8
Throwing       | 1 |  1.6
Stealth        | 1 |  1.7
Shields        | 2 |  2.0
Unarmed Combat | 1 |  1.8
Conjurations   | 1 |  1.1
Hexes          | 1 |  1.0
Summonings     | 1 |  1.1
Necromancy     | 1 |  1.8
Translocations | 1 |  1.1
Transmutations | 1 |  1.3
Fire Magic     | 1 |  1.1
Ice Magic      | 1 |  1.7
Air Magic      | 1 |  1.6
Earth Magic    | 1 |  1.3
Poison Magic   | 1 |  1.6
Invocations    | 1 |  1.6
Evocations     | 1 |  1.4

Action                   |  1- 3 |  4- 6 |  7- 9 || total
-------------------------+-------+-------+-------++-------
Melee: Hand axe          |    69 |    89 |       ||   158
       Headbutt          |     7 |    20 |    10 ||    37
       Long sword        |       |       |    69 ||    69
Invok: Berserk           |     1 |     2 |     1 ||     4
  Use: Scroll            |     7 |     3 |     2 ||    12
       Potion            |     1 |     3 |     2 ||     6
Armor: Chain mail        |    37 |    44 |    50 ||   131
       Leather armour    |     4 |       |       ||     4
       Animal skin       |     2 |       |       ||     2
Dodge: Dodged            |    33 |    38 |    54 ||   125
       Rpst.: Long sword |       |       |     9 ||     9
